 Dungeon Crawl Stone Soup version 0.26.0-10-g1f06aea511 (webtiles) character file.

Game seed: 1655875509739598436

91 Arum the Shield-Bearer (level 4, -2/36 (37) HPs)
             Began as a Formicid Fighter on Jan 17, 2021.
             Slain by Crazy Yiuf
             ... wielding a +3 quarterstaff of chaos
              (8 damage)
             ... on level 2 of the Dungeon.
             The game lasted 00:03:03 (1884 turns).

Arum the Shield-Bearer (Formicid Fighter)           Turns: 1884, Time: 00:03:04

HP:   -2/36 (37)    AC: 11    Str: 22    XL:     4   Next: 88%
MP:   13/13         EV:  4    Int:  7    God:
Gold: 59            SH:  9    Dex: 10    Spells: 3/3 levels left

rFire    . . .     SeeInvis +   a - +0 quarterstaff
rCold    . . .     Faith    .   c - +0 kite shield
rNeg     . . .     Spirit   .   e - +0 plate armour (curse)
rPois    .         Reflect  .   (helmet unavailable)
rElec    .         Harm     .   (no cloak)
rCorr    .         Rampage  .   (no gloves)
Will     .....                  (no boots)
Stlth    ..........             l - amulet of inaccuracy (curse)
HPRegen  0.12/turn              f - ring of magical power
MPRegen  0.13/turn              (no ring)

@: lightly drained
A: permanent stasis, dig shafts and tunnels, four strong arms, antennae 3
a: Dig, Shaft Self


You were on level 2 of the Dungeon.
You visited 1 branch of the dungeon, and saw 2 of its levels.

You collected 59 gold pieces.

Inventory:

Hand Weapons
 a - a +0 quarterstaff (weapon)
Armour
 c - a +0 kite shield (worn)
 e - a cursed +0 plate armour (worn)
Jewellery
 b - an uncursed amulet of faith
 f - a ring of magical power (left hand)
 k - an uncursed ring of fire
 l - a cursed amulet of inaccuracy (around neck)
Scrolls
 m - a scroll of identify
Potions
 d - a potion of might
 g - a potion of curing {unknown}
 h - a potion of brilliance
 i - a potion of heal wounds {unknown}
 j - a potion of degeneration {unknown}


   Skills:
 + Level 4.0 Fighting
 + Level 2.9 Staves
 + Level 4.0 Armour
 + Level 4.4 Shields


You had 3 spell levels left.
You didn't know any spells.
Your spell library was empty.

Dungeon Overview and Level Annotations

Branches:
Dungeon (2/15)

Altars:

Annotations:
D:2 Crazy Yiuf


Innate Abilities, Weirdness & Mutations

You cannot be hasted, slowed, berserked, paralysed or teleported.
You can dig through walls and to a lower floor.
Your four strong arms can wield two-handed weapons with a shield.
You have a pair of large antennae on your head. (SInv)


Message History

You hit Crazy Yiuf.
Crazy Yiuf is lightly wounded.
Crazy Yiuf waves his quarterstaff at you.
You block Crazy Yiuf's attack.
You completely miss Crazy Yiuf.
Crazy Yiuf is lightly wounded.
You block Crazy Yiuf's attack.
You hit Crazy Yiuf.
Crazy Yiuf is lightly wounded.
Crazy Yiuf barely misses you.
You hit Crazy Yiuf.
Crazy Yiuf is heavily wounded.
Crazy Yiuf hits you with a +3 quarterstaff of chaos.
You feel drained.
You hit Crazy Yiuf.
Crazy Yiuf is severely wounded.
Crazy Yiuf hits you with a +3 quarterstaff of chaos.
* * * LOW HITPOINT WARNING * * *
You are electrocuted!
You die...

.# .# .###########
...........# #####
.).........# #..)#
...........# #...#
...........# *...*
..########## *#g#*
..# ##@# ..# #.##
..# ##.# ### #.##
##.## ############
#...# ...........#
#...# ..>........#
##..##
...........###....#


You could see Crazy Yiuf.

Vanquished Creatures
  An adder (D:2)
  3 gnolls
  An ooze (D:1)
  A worm (D:2)
  3 dart slugs
  3 ball pythons
  2 giant cockroaches (D:1)
  2 goblins
  6 hobgoblins
  7 kobolds
  4 bats (D:1)
  3 frilled lizards
  7 rats
43 creatures vanquished.

Vanquished Creatures (others)
  A rat (D:1)
1 creature vanquished.

Grand Total: 44 creatures vanquished

Notes
Turn   | Place    | Note
-------+----------+-------------------------------------------
     0 | D:1      | Arum the Formicid Fighter began the quest for the Orb.
     0 | D:1      | Reached XP level 1. HP: 18/18 MP: 1/1
    62 | D:1      | Reached XP level 2. HP: 22/24 MP: 2/2
   485 | D:1      | Reached XP level 3. HP: 29/29 MP: 3/3
  1089 | D:1      | Reached XP level 4. HP: 21/37 MP: 4/4
  1872 | D:2      | Found a runed translucent door.
  1873 | D:2      | Noticed Crazy Yiuf
  1884 | D:2      | Slain by Crazy Yiuf

Illustrated notes

Levels and vault maps discovered:
D:1:      evilmike_arrival_crescent, layout_basic, lemuel_flame_loot_1
D:2:      layout_basic, minmay_tromino_v7, uniq_terence, uniq_crazy_yiuf_cottage

Skill      XL: |  1  2  3  4 |
---------------+-------------+-----
Shields        | 4 |  4.4
Fighting       | 4 |  4.0
Armour         | 4 |  4.0
Staves         | |  2.9

Action                   |  1- 3 |  4- 6 || total
-------------------------+-------+-------++-------
Melee: Quarterstaff      |    69 |    66 ||   135
  Use: Scroll            |       |     6 ||     6
Armor: Scale mail        |     5 |       ||     5
       Plate armour      |    34 |    39 ||    73
Dodge: Dodged            |     9 |    10 ||    19
Block: Kite shield       |    40 |    32 ||    72
